[Event "Titled Tuesday Blitz March 07 Late 2023"]
[White "Golubev, Mikhail"]
[Black "Barash, Anton"]
[WhiteFideId "14100983"]
[BlackFideId "30935229"]
[WhiteElo "2374"]
[BlackElo "2320"]
[Result "1-0"]
[Round "06"]
[TimeControl "180+2"]
[Date "2023.03.07"]
[WhiteClock "0:00:02"]
[BlackClock "0:00:01"]

1. e4 e6 2. d4 d5 3. Nc3 Be7 4. Nf3 Nf6 5. e5 Nfd7 6. Ne2 c5 7. c3 Qa5 8. dxc5 Nc6 9. Ned4 Ndxe5 10. Nxe5 Nxe5 11. b4 Qd8 12. Bf4 Ng6 13. Bg3 O-O 14. Bd3 e5 15. Bxg6 exd4 16. Bc2 dxc3 17. Qd3 g6 18. O-O-O Bf6 19. Qxd5 Qxd5 20. Rxd5 Be6 21. Rd6 a5 22. b5 Be7 23. a4 Rfc8 24. Rb6 Bd5 25. c6 bxc6 26. bxc6 Rxc6 27. Rb5 Bxg2 28. Re1 Bf6 29. h4 Bf3 30. Re3 Bg4 31. Be4 Rac8 32. Bxc6 Rxc6 33. Rb8+ Kg7 34. Ree8 c2 35. Rg8+ Kh6 36. Bf4+ Kh5 37. Rgf8 Be6 38. f3 Bxh4 39. Rh8 g5 40. Rxh7+ Kg6 41. Rhh8 gxf4 42. Rxh4 Kf5 43. Rh5+ Kf6 44. Rxa5 Ke7 45. Rab5 Kd6 46. R5b6 f5 47. Rxc6+ Kxc6 48. a5 Kc7 49. Rb6 Bc4 50. Rb4 Bd3 51. Kd2 Kc6 52. Rxf4 Kb5 53. Rd4 Bc4 54. Rxc4 1-0


[Site "https://www.chess.com"]

[Event "Titled Tuesday Blitz March 07 Late 2023"]
[White "Eggleston, Thomas A"]
[Black "Vovk, Orest"]
[WhiteFideId "412139"]
[BlackFideId "14113490"]
[WhiteElo "2155"]
[BlackElo "2215"]
[Result "0-1"]
[Round "06"]
[TimeControl "180+2"]
[Date "2023.03.07"]
[WhiteClock "0:00:02"]
[BlackClock "0:00:06"]

1. e4 g5 2. d4 g4 3. h3 d5 4. e5 g3 5. fxg3 c5 6. c3 Nc6 7. Nf3 Qb6 8. Be2 Bf5 9. O-O e6 10. Kh2 O-O-O 11. dxc5 Bxc5 12. b4 Be3 13. b5 Bxc1 14. Qxc1 Na5 15. Nd4 Ne7 16. Nd2 h5 17. N2f3 Be4 18. Ng5 Rdg8 19. Nxf7 Rh7 20. Nd6+ Kb8 21. Nxe6 Ng6 22. Ng5 Re7 23. Ngxe4 dxe4 24. Bxh5 Nxe5 25. Nxe4 Qc7 26. Qf4 a6 27. bxa6 b6 28. Rad1 Nac4 29. Nf6 Rf8 30. Be2 Ref7 31. Bxc4 Rxf6 32. Qxf6 Rxf6 33. Rxf6 Qxc4 34. Rh6 Ka7 35. Rh8 Qe2 36. Rhd8 Nf3+ 37. Kh1 Ne1 0-1


[Site "https://www.chess.com"]

[Event "Titled Tuesday Blitz March 07 Late 2023"]
[White "Hernandez Sanchez, Elvis De La Caridad"]
[Black "Prieto Aranguren, Alain"]
[WhiteFideId "6400353"]
[BlackFideId "2268906"]
[WhiteElo "2466"]
[BlackElo "2209"]
[Result "1-0"]
[Round "06"]
[TimeControl "180+2"]
[Date "2023.03.07"]
[WhiteClock "0:00:25"]
[BlackClock "0:00:01"]

1. e4 c6 2. d4 d5 3. e5 Bf5 4. Bd3 Bxd3 5. Qxd3 e6 6. c3 Qb6 7. Nd2 Qa6 8. Qxa6 Nxa6 9. Ne2 Ne7 10. O-O c5 11. f4 h5 12. Nf3 Nf5 13. g3 cxd4 14. Nexd4 Nxd4 15. Nxd4 g6 16. b4 Rc8 17. Bd2 Nb8 18. a3 Nc6 19. Rfc1 Nxd4 20. cxd4 Rc4 21. Rxc4 dxc4 22. Rc1 b5 23. a4 a6 24. axb5 axb5 25. Ra1 Be7 26. Ra8+ Bd8 27. Rb8 Kd7 28. Rxb5 Bc7 29. Rc5 Ra8 30. Rxc4 Ra2 31. Be3 h4 32. gxh4 Bb6 33. Bf2 Rb2 34. Kg2 Ba7 35. Kf3 Bb6 36. h3 Rb3+ 37. Be3 Ba7 38. Ke4 Bb6 39. Bd2 Rxh3 40. b5 Rxh4 41. Rc6 Bc7 42. Ra6 g5 43. b6 Bb8 44. b7 gxf4 45. Bxf4 1-0


[Site "https://www.chess.com"]

[Event "Titled Tuesday Blitz March 07 Late 2023"]
[White "Botez, Alexandra"]
[Black "Ansh M Shah"]
[WhiteFideId "2603365"]
[BlackFideId "25033379"]
[WhiteElo "2059"]
[BlackElo "2084"]
[Result "1-0"]
[Round "06"]
[TimeControl "180+2"]
[Date "2023.03.07"]
[WhiteClock "0:00:13"]
[BlackClock "0:00:02"]

1. d4 Nf6 2. c4 e6 3. Nf3 d5 4. Nc3 Be7 5. Bg5 O-O 6. e3 c6 7. Bd3 Nbd7 8. Bf1 h6 9. Bf4 Re8 10. cxd5 exd5 11. Bd3 Nf8 12. O-O Bd6 13. Ne5 Be6 14. h3 Be7 15. Bh2 N6d7 16. f4 Nxe5 17. fxe5 f6 18. Qf3 Nd7 19. Qh5 Nf8 20. Rf2 Bf7 21. Qf3 Qd7 22. Raf1 Bg6 23. Bxg6 Nxg6 24. Qg3 Kh7 25. h4 h5 26. Rf5 Nf8 27. Rxh5+ Kg8 28. exf6 Bb4 29. f7+ Qxf7 30. Rxf7 Kxf7 31. Rf5+ Kg8 32. h5 Ne6 33. h6 Re7 34. Rh5 Ba5 35. h7+ Kh8 36. Ne2 Rf8 37. Re5 Ref7 38. Kh1 Nd8 39. Nf4 Kxh7 40. Qh4+ Kg8 41. Ng6 Rf1+ 42. Bg1 R8f6 43. Ne7+ Kf7 44. Qh5+ Kf8 45. Qh8+ Kf7 46. Qg8# 1-0


[Site "https://www.chess.com"]

[Event "Titled Tuesday Blitz March 07 Late 2023"]
[White "De Souza, Cristiano Gomes"]
[Black "Papayan, Oleg"]
[WhiteFideId "2151758"]
[BlackFideId "4193911"]
[WhiteElo "2068"]
[BlackElo "2153"]
[Result "0-1"]
[Round "06"]
[TimeControl "180+2"]
[Date "2023.03.07"]
[WhiteClock "0:00:02"]
[BlackClock "0:00:18"]

1. d4 Nf6 2. c4 e6 3. Nf3 d5 4. Nc3 c5 5. cxd5 Nxd5 6. e4 Nxc3 7. bxc3 cxd4 8. cxd4 Bb4+ 9. Bd2 Bxd2+ 10. Qxd2 O-O 11. Rc1 b6 12. Bc4 Bb7 13. Qe3 Nd7 14. O-O Nf6 15. Nd2 Qd7 16. f3 Rfd8 17. Nb3 a5 18. Rfd1 a4 19. Na1 b5 20. Be2 b4 21. Rc5 Ba6 22. Kf2 Bxe2 23. Qxe2 Qa7 24. Nc2 Rxd4 25. Nxd4 Qxc5 26. Qb5 Qc3 27. Ke2 h6 28. Rd3 Qb2+ 29. Rd2 Qb1 30. Nc6 b3 31. axb3 a3 32. Nb4 a2 33. Nxa2 Rxa2 34. Rxa2 Qxa2+ 35. Kd3 Qxg2 36. Qb8+ Kh7 37. Qg3 Qf1+ 38. Kc3 Qb5 39. Qf4 Kg8 40. Qd6 Nd7 41. f4 g5 42. fxg5 hxg5 43. b4 Nb6 44. Qd8+ Kg7 45. Qd4+ f6 46. Kd2 Nc4+ 47. Kc3 Ne5 48. Qc5 Qxc5+ 49. bxc5 Kf7 50. Kb4 Ke7 51. Kb5 Kd7 52. Kb6 f5 53. exf5 exf5 54. Kb5 f4 55. Kb4 Kc6 56. Kc3 Kxc5 57. Kd2 Kd5 58. Ke2 Ke4 59. Kf2 g4 60. Kg2 Ke3 61. Kf1 Kf3 0-1


[Site "https://www.chess.com"]

[Event "Titled Tuesday Blitz March 07 Late 2023"]
[White "Mazurkiewicz, Michal"]
[Black "Kukavica, Tony"]
[WhiteFideId "1124943"]
[BlackFideId "2062542"]
[WhiteElo "2054"]
[BlackElo "1993"]
[Result "0-1"]
[Round "06"]
[TimeControl "180+2"]
[Date "2023.03.07"]
[WhiteClock "0:00:06"]
[BlackClock "0:00:17"]

1. e4 c5 2. Nf3 e6 3. d3 Nc6 4. g3 d6 5. Bg2 Nf6 6. O-O Be7 7. Re1 O-O 8. c3 Rb8 9. d4 d5 10. e5 Nd7 11. h4 b5 12. a3 a5 13. Nbd2 b4 14. axb4 axb4 15. Nf1 bxc3 16. bxc3 Bb7 17. N1h2 Qc7 18. Be3 Ra8 19. Rxa8 Rxa8 20. Ng5 h6 21. Qh5 hxg5 22. hxg5 g6 23. Qh4 cxd4 24. cxd4 Ncxe5 25. dxe5 Nxe5 26. Bf4 Bd6 27. Bxe5 Bxe5 28. Ng4 Bg7 29. Nf6+ Bxf6 30. gxf6 Qd6 31. Bf3 e5 32. Kg2 Ra6 33. Rb1 Rb6 34. Rxb6 Qxb6 35. Qg5 Qd6 36. Bh5 d4+ 37. f3 Kh7 38. Qh4 Kg8 39. Qg5 Qc6 40. Kh2 Qc2+ 41. Kh3 Qf5+ 42. Qxf5 gxf5 43. Kg2 e4 44. fxe4 fxe4 45. Kf2 e3+ 46. Ke2 Ba6+ 47. Kf3 Bc4 48. g4 Kh7 49. g5 Kg8 50. Ke4 e2 51. Bxe2 Bxe2 52. Kxd4 Bh5 53. Ke5 Bg6 54. Kd6 Kf8 55. Kd7 Bh5 56. Kd8 Bg4 57. Kc7 Be6 58. Kd6 Ba2 59. Kc7 Kg8 60. Kd6 Kh7 61. Ke5 Kg6 62. Kf4 Be6 63. Ke5 Kxg5 0-1


[Site "https://www.chess.com"]

[Event "Titled Tuesday Blitz March 07 Late 2023"]
[White "Dzida, Kamil"]
[Black "Torres Dominguez, David"]
[WhiteFideId "21828652"]
[BlackFideId "2220857"]
[WhiteElo "2139"]
[BlackElo "1999"]
[Result "0-1"]
[Round "06"]
[TimeControl "180+2"]
[Date "2023.03.07"]
[WhiteClock "0:00:40"]
[BlackClock "0:00:43"]

1. d4 e5 2. c4 d6 3. Nf3 e4 4. Nfd2 f5 5. e3 Nf6 6. Nc3 g6 7. f3 exf3 8. Qxf3 Bg7 9. Bd3 O-O 10. O-O Nc6 11. b3 Qe7 12. Bb2 Bd7 13. Rae1 Rae8 14. Bb1 Ng4 15. Nd5 Qd8 16. h3 Nf6 17. Nf4 Re7 18. a3 Qe8 19. b4 g5 20. Nd3 g4 21. Qd1 gxh3 22. gxh3 Rxe3 23. b5 Qg6+ 24. Kh2 Qg3+ 25. Kh1 Qxh3+ 26. Kg1 Qg3+ 27. Kh1 Qh4+ 28. Kg2 Rg3+ 29. Kf2 Qh2# 0-1


[Site "https://www.chess.com"]

[Event "Titled Tuesday Blitz March 07 Late 2023"]
[White "Cheng, Xiao"]
[Black "Rodriguez Santiago, Jaime"]
[WhiteFideId "2022915"]
[BlackFideId "3100898"]
[WhiteElo "2433"]
[BlackElo "2025"]
[Result "1-0"]
[Round "06"]
[TimeControl "180+2"]
[Date "2023.03.07"]
[WhiteClock "0:00:30"]
[BlackClock "0:00:09"]

1. e4 c6 2. d4 d5 3. exd5 cxd5 4. Bd3 Nc6 5. c3 Qc7 6. Nf3 Bg4 7. h3 Bh5 8. Nbd2 e6 9. Nf1 Nf6 10. Ng3 Bg6 11. O-O Bd6 12. Ne2 O-O 13. Re1 Ne4 14. Be3 f5 15. Ng5 Rae8 16. Bxe4 dxe4 17. Qb3 Na5 18. Nxe6 Nxb3 19. Nxc7 Nxa1 20. Nxe8 Nc2 21. Rc1 Nxe3 22. Nxd6 Nd5 23. Nxb7 Rb8 24. Nd6 Rxb2 25. Ng3 e3 26. Nf1 e2 27. Ne3 Nxe3 28. fxe3 Bh5 29. Re1 Rxa2 30. Nxf5 Rc2 31. g4 Bf7 32. Kf2 Bc4 33. Nd6 Bd3 34. c4 a5 35. c5 a4 36. e4 a3 37. Ke3 a2 38. Kxd3 Rb2 39. c6 Rb1 40. c7 Rd1+ 41. Ke3 1-0


[Site "https://www.chess.com"]

[Event "Titled Tuesday Blitz March 07 Late 2023"]
[White "Pein, Jonathan"]
[Black "Antonova, Nadezhda"]
[WhiteFideId "417092"]
[BlackFideId "14700182"]
[WhiteElo "2151"]
[BlackElo "1885"]
[Result "1-0"]
[Round "06"]
[TimeControl "180+2"]
[Date "2023.03.07"]
[WhiteClock "0:01:19"]
[BlackClock "0:00:16"]

1. e4 c6 2. b3 e5 3. Bb2 d6 4. d4 Nd7 5. Nf3 exd4 6. Qxd4 Ngf6 7. Nc3 Be7 8. O-O-O O-O 9. Kb1 b5 10. g4 Ne5 11. Nxe5 dxe5 12. Qxe5 Qe8 13. g5 Ng4 14. Qg3 Bc5 15. f4 Nf2 16. Bd3 Nxh1 17. Rxh1 Bd4 18. e5 b4 19. Qh4 g6 20. Ne4 f5 21. Nd6 Qe7 22. Bxd4 a5 23. Qf2 Be6 24. Qe2 a4 25. Bc4 axb3 26. axb3 Ra3 27. Bxe6+ Qxe6 28. Qc4 Qxc4 29. Nxc4 Ra6 30. e6 Re8 31. Re1 c5 32. Bxc5 Raxe6 33. Rxe6 Rxe6 34. Ne5 Kg7 35. Bxb4 h6 36. h4 hxg5 37. hxg5 Re8 38. Bc3 Kg8 39. Kb2 Kh7 40. b4 Rd8 41. Nd3 Rc8 42. Kb3 Re8 43. Be5 Kg8 44. b5 Kf7 45. b6 Ke6 46. b7 Kd5 47. b8=Q 1-0


[Site "https://www.chess.com"]

[Event "Titled Tuesday Blitz March 07 Late 2023"]
[White "Ramirez, Maria Eugenia"]
[Black "Kraus, Tomas"]
[WhiteFideId "3301680"]
[BlackFideId "331708"]
[WhiteElo "1842"]
[BlackElo "2389"]
[Result "1-0"]
[Round "06"]
[TimeControl "180+2"]
[Date "2023.03.07"]
[WhiteClock "0:00:15"]
[BlackClock "0:00:11"]

1. e4 e6 2. d4 d5 3. exd5 exd5 4. c4 Nf6 5. Nf3 Bd6 6. Nc3 c6 7. cxd5 cxd5 8. Bd3 O-O 9. O-O Nc6 10. h3 h6 11. Re1 Be6 12. Be3 Qd7 13. Rc1 Bf5 14. Qd2 Rfe8 15. Bxf5 Qxf5 16. Nh4 Qh5 17. Nf3 Rac8 18. a3 Qf5 19. Qc2 Ne4 20. Nb5 Bb8 21. Qb3 Ng5 22. Nxg5 hxg5 23. Nc3 Rcd8 24. Qxb7 Na5 25. Qb5 Nc4 26. Nd1 g4 27. hxg4 Qxg4 28. b3 Nxe3 29. Nxe3 Qh4 30. Qd3 Qh2+ 31. Kf1 Qh1+ 32. Ke2 Qxg2 33. Rh1 Qe4 34. Qxe4 Rxe4 35. Kd3 Bf4 36. Rh3 g6 37. Rc5 Bxe3 38. Rxe3 Rxe3+ 39. Kxe3 Kg7 40. Kf4 Kf6 41. Rc6+ Ke7 42. Ke5 f6+ 43. Rxf6 Rb8 44. b4 Rg8 45. Ra6 Ra8 46. Kxd5 Kd7 47. Rxg6 Kc7 48. Kc5 a5 49. b5 a4 50. b6+ Kb7 51. Rg7+ Ka6 52. Ra7+ Rxa7 53. bxa7 Kxa7 54. Kc6 Ka6 55. d5 Ka5 56. d6 Ka6 57. d7 Ka5 58. d8=Q+ Ka6 59. Qa8# 1-0


[Site "https://www.chess.com"]

[Event "Titled Tuesday Blitz March 07 Late 2023"]
[White "Stead, Kerry"]
[Black "Hoffmann, Asa"]
[WhiteFideId "3202577"]
[BlackFideId "2001470"]
[WhiteElo "1997"]
[BlackElo "2117"]
[Result "0-1"]
[Round "06"]
[TimeControl "180+2"]
[Date "2023.03.07"]
[WhiteClock "0:01:38"]
[BlackClock "0:01:17"]

1. d4 Nf6 2. f3 d5 3. e4 dxe4 4. Nc3 exf3 5. Nxf3 Bf5 6. Bc4 e6 7. O-O Nbd7 8. Bg5 Be7 9. Qd2 O-O 10. Rae1 c6 11. Qf4 Bg6 12. Ne5 Nxe5 13. dxe5 Nd5 14. Bxe7 Qxe7 15. Nxd5 cxd5 16. Bb3 a5 17. c3 a4 18. Bd1 a3 19. b3 Qc5+ 20. Qe3 Rfc8 21. Rf3 Rc7 22. Qxc5 Rxc5 23. Be2 Rac8 24. c4 d4 25. Bd3 Rd8 26. Kf2 Kf8 27. Bxg6 hxg6 28. Kg3 b5 29. cxb5 Rxb5 30. Rd3 Rc5 31. Kf4 Rc2 32. Ke4 Rxa2 33. Rxd4 Rxd4+ 34. Kxd4 Rxg2 35. Ra1 a2 36. b4 Ke8 37. Kc3 Kd7 38. Kb3 Rxh2 39. Rxa2 Rxa2 40. Kxa2 Kc6 41. Kb3 Kb5 42. Kc3 f6 43. exf6 gxf6 44. Kb3 g5 45. Kc3 f5 46. Kd4 Kxb4 47. Kd3 e5 48. Ke3 Kc3 49. Ke2 g4 50. Ke3 f4+ 0-1


[Site "https://www.chess.com"]

[Event "Titled Tuesday Blitz March 07 Late 2023"]
[White "Beukes, Dante M"]
[Black "Souza, Gustavo Horokoski De"]
[WhiteFideId "15200540"]
[BlackFideId "2146584"]
[WhiteElo "2199"]
[BlackElo "1859"]
[Result "1-0"]
[Round "06"]
[TimeControl "180+2"]
[Date "2023.03.07"]
[WhiteClock "0:00:15"]
[BlackClock "0:01:04"]

1. e4 e5 2. Nf3 Nc6 3. Bb5 d6 4. d4 exd4 5. Nxd4 Bd7 6. Bxc6 Bxc6 7. Nc3 Nf6 8. O-O g6 9. Re1 Bg7 10. e5 dxe5 11. Rxe5+ Kf8 12. Bg5 h6 13. Bh4 g5 14. Bg3 Ne8 15. Nxc6 bxc6 16. Rc5 Nd6 17. Rxc6 Qe8 18. Bxd6+ cxd6 19. Qxd6+ Kg8 20. Nd5 Rd8 21. Ne7+ Kf8 22. Ng6+ Kg8 23. Rc8 Rxc8 24. Ne7+ Kh7 25. Qd3+ 1-0


[Site "https://www.chess.com"]

[Event "Titled Tuesday Blitz March 07 Late 2023"]
[White "Kielinkei"]
[Black "Vargas Pereda, Jesus Manue"]
[BlackFideId "5115710"]
[WhiteElo "2410"]
[BlackElo "1914"]
[Result "0-1"]
[Round "06"]
[TimeControl "180+2"]
[Date "2023.03.07"]
[WhiteClock "0:00:02"]
[BlackClock "0:01:02"]

1. e4 c5 2. Nc3 Nc6 3. g3 d6 4. Bg2 Nf6 5. Nge2 e6 6. O-O Be7 7. d4 cxd4 8. Nxd4 a6 9. Be3 Qc7 10. f4 O-O 11. h3 Rb8 12. g4 Re8 13. g5 Nd7 14. f5 Nxd4 15. Qxd4 e5 16. Qd2 Bf8 17. Nd5 Qd8 18. f6 g6 19. Qf2 b5 20. Rad1 Bb7 21. c3 Bxd5 22. Rxd5 Nb6 23. Rdd1 Nc4 24. Bc1 Qc7 25. Kh1 b4 26. b3 Nb6 27. c4 Nd7 28. Be3 a5 29. Rd5 a4 30. Rfd1 axb3 31. axb3 Ra8 32. Qb2 Ra3 33. Rb5 Nc5 34. Rxb4 Rea8 35. Qc3 Ra2 36. Rd2 Ra1+ 37. Kh2 Re1 38. Bf2 Nxe4 39. Bxe4 Rxe4 40. Qf3 Qc6 41. c5 d5 42. Rxe4 dxe4 43. Qe3 Rc8 44. Re2 Bxc5 0-1


[Site "https://www.chess.com"]

[Event "Titled Tuesday Blitz March 07 Late 2023"]
[White "Fernandez Garcia, Gumersindo"]
[Black "mohsengabr2002"]
[WhiteFideId "24516740"]
[WhiteElo "2093"]
[BlackElo "2307"]
[Result "0-1"]
[Round "06"]
[TimeControl "180+2"]
[Date "2023.03.07"]
[WhiteClock "0:00:20"]
[BlackClock "0:00:50"]

1. e4 g6 2. d4 Bg7 3. Nc3 d6 4. Nf3 a6 5. Bc4 b5 6. Bxf7+ Kxf7 7. Ng5+ Ke8 8. e5 h6 9. Qf3 hxg5 10. Qxa8 Nd7 11. e6 Nb6 12. Qc6+ Kf8 13. Bxg5 Bxe6 14. O-O-O Bh6 15. Bxh6+ Nxh6 16. Qf3+ Kg7 17. d5 Bf7 18. g4 b4 19. Ne2 Qa8 20. Nf4 e5 21. Nh5+ gxh5 22. g5 Ng4 23. Rhg1 Bxd5 24. Qf5 Rf8 25. Qd3 Be4 26. Qh3 Bg6 27. Rd2 Nc4 28. Re2 Qf3 29. Qf1 Nxf2 30. b3 Nd3+ 31. cxd3 Qxf1+ 32. Rxf1 Rxf1+ 33. Kc2 Na3+ 0-1


[Site "https://www.chess.com"]

[Event "Titled Tuesday Blitz March 07 Late 2023"]
[White "Graif, William"]
[Black "Skaric, Djuro"]
[WhiteFideId "2609835"]
[BlackFideId "934569"]
[WhiteElo "2205"]
[BlackElo "2282"]
[Result "1-0"]
[Round "06"]
[TimeControl "180+2"]
[Date "2023.03.07"]
[WhiteClock "0:00:13"]
[BlackClock "0:00:17"]

1. e4 d6 2. Nc3 g6 3. f4 Nc6 4. Bc4 Bg7 5. a3 a6 6. d3 Nf6 7. Nf3 Bg4 8. Be3 b5 9. Ba2 b4 10. axb4 Nxb4 11. Bb3 O-O 12. O-O Nh5 13. f5 e6 14. h3 Bxf3 15. Qxf3 d5 16. Bc5 dxe4 17. Qxe4 Ng3 18. Qxb4 Nxf1 19. fxe6 Nd2 20. e7 Qd7 21. exf8=Q+ Bxf8 22. Bxf8 Rxf8 23. Ba4 Qf5 24. Rd1 Qg5 25. Kh1 Rd8 26. Na2 Nf3 27. gxf3 f5 28. Bb3+ Kg7 29. Qc3+ Kf8 30. Qh8+ Ke7 31. Re1+ Kd6 32. Re6+ Kd7 33. Qxh7+ Kc8 34. Re2 Qg3 35. Be6+ Kb8 36. Rg2 Qxf3 37. Qxg6 Rh8 38. Qxf5 Rxh3+ 39. Qxh3 Qf1+ 40. Kh2 Qf4+ 41. Qg3 Qh6+ 42. Bh3 Qc6 43. Qg8+ Ka7 44. Qg3 a5 45. Nc3 Kb6 46. Qf2+ Kb7 47. Ne4 Qd5 48. b3 Qe5+ 49. Rg3 a4 50. Bg2 a3 51. Nc3+ Ka6 52. Qe2 Qd4 53. Rg4 Qxc3 54. d4+ Kb6 55. Qe4 a2 56. Qb7+ Ka5 57. Rg5+ c5 58. Rxc5+ Qxc5 59. dxc5 a1=Q 60. Qa7+ Kb4 61. Qxa1 Kxc5 62. c3 1-0


[Site "https://www.chess.com"]

[Event "Titled Tuesday Blitz March 07 Late 2023"]
[White "Gatterer, Florian"]
[Black "Vargas Rodriguez, Wilver"]
[WhiteFideId "811688"]
[BlackFideId "3509672"]
[WhiteElo "2221"]
[BlackElo "2238"]
[Result "1-0"]
[Round "06"]
[TimeControl "180+2"]
[Date "2023.03.07"]
[WhiteClock "0:00:52"]
[BlackClock "0:00:01"]

1. c4 Nf6 2. g3 c6 3. Nf3 d5 4. Bg2 Bf5 5. Qb3 Qb6 6. d3 e6 7. Be3 Qa6 8. O-O Nbd7 9. Nbd2 h6 10. h3 Be7 11. Qd1 O-O 12. b3 Bh7 13. Bd4 Rfe8 14. Re1 Rad8 15. Bb2 Qa5 16. Qc1 Qc7 17. a3 a5 18. Bc3 Qb6 19. d4 Ra8 20. e3 Qa6 21. Bf1 Qb6 22. c5 Qc7 23. b4 axb4 24. axb4 b5 25. Qb2 Qb7 26. Bg2 Rxa1 27. Rxa1 Ra8 28. Ne5 Nxe5 29. dxe5 Nd7 30. f4 Qb8 31. Nf3 Qb7 32. Nd4 Kf8 33. Kh2 Ke8 34. Bf1 Nf8 35. h4 Kd7 36. Bxb5 Qxb5 37. Nxb5 1-0


[Site "https://www.chess.com"]

[Event "Titled Tuesday Blitz March 07 Late 2023"]
[White "Fajdetic, Hrvoje"]
[Black "Garcia Almaguer, Juan Manuel"]
[WhiteFideId "14501945"]
[BlackFideId "5110491"]
[WhiteElo "2185"]
[BlackElo "2117"]
[Result "1-0"]
[Round "06"]
[TimeControl "180+2"]
[Date "2023.03.07"]
[WhiteClock "0:00:59"]
[BlackClock "0:00:13"]

1. f4 d6 2. e4 g6 3. Nf3 c5 4. d3 Bg7 5. Be2 Nc6 6. O-O Nf6 7. Qe1 Nd4 8. Bd1 Bg4 9. c3 Bxf3 10. gxf3 Nc6 11. Qh4 Qc7 12. a4 O-O-O 13. Na3 h6 14. Be3 g5 15. Qf2 gxf4 16. Bxf4 Nh5 17. Be3 Rdg8 18. Kh1 Nf6 19. d4 cxd4 20. cxd4 d5 21. e5 Nd7 22. Bb3 e6 23. Nb5 Qb6 24. Nd6+ Kb8 25. Bd1 f6 26. Ra3 fxe5 27. Rb3 exd4 28. Rxb6 axb6 29. Bf4 e5 30. Bg3 Rf8 31. Qc2 Nc5 32. b4 Nxb4 33. Qb1 Ncd3 34. Be2 e4 35. fxe4 Rxf1+ 36. Bxf1 dxe4 37. Nxe4+ Ka7 38. Bxd3 1-0


[Site "https://www.chess.com"]

[Event "Titled Tuesday Blitz March 07 Late 2023"]
[White "Figorito, Nick"]
[Black "Floresvillar Gonzalez, Luis Migu"]
[WhiteFideId "30923689"]
[BlackFideId "5100542"]
[WhiteElo "2378"]
[BlackElo "2040"]
[Result "1-0"]
[Round "06"]
[TimeControl "180+2"]
[Date "2023.03.07"]
[WhiteClock "0:00:18"]
[BlackClock "0:00:04"]

1. Nf3 d5 2. g3 c6 3. Bg2 Bf5 4. O-O Nd7 5. c4 e6 6. cxd5 exd5 7. d4 Ngf6 8. Nc3 Bd6 9. Bf4 Bxf4 10. gxf4 O-O 11. Ne5 Ne4 12. Nxe4 Bxe4 13. Bxe4 dxe4 14. Qb3 Nb6 15. e3 Qd5 16. Qxd5 Nxd5 17. Nd7 Rfe8 18. Rac1 Re7 19. Nc5 f5 20. a4 a5 21. h4 Rf8 22. Kh2 Rf6 23. Rg1 Rh6 24. Kg3 Rg6+ 25. Kh3 Rxg1 26. Rxg1 Kf7 27. h5 Nf6 28. Kh4 Ng4 29. Kg3 Nf6 30. Rh1 Rc7 31. Kh4 g6 32. hxg6+ hxg6 33. Kg3 Nh5+ 34. Kg2 Re7 35. Nb3 b6 36. Rc1 Rc7 37. Nd2 Nf6 38. Nc4 Nd7 39. Rh1 b5 40. axb5 cxb5 41. Nd6+ Ke6 42. Nxb5 Rc2 43. Rb1 Nb6 44. Na3 Rd2 45. b4 axb4 46. Rxb4 Nd5 47. Rb3 Kf6 48. Nc4 Ra2 49. Nb6 Nxb6 50. Rxb6+ Kg7 51. Kg3 Kh6 52. Rb4 Rc2 53. d5 Rd2 54. Rd4 Rxd4 55. exd4 Kg7 56. Kh4 Kf6 57. d6 Ke6 58. Kg5 Kxd6 59. Kxg6 Kd5 60. Kxf5 Kxd4 61. Ke6 Kd3 62. Ke5 Ke2 63. Kxe4 Kxf2 64. f5 Kg3 65. f6 Kg4 66. f7 Kg5 67. f8=Q Kg6 68. Qf5+ Kg7 69. Ke5 Kh8 70. Qg5 Kh7 71. Kf6 1-0


[Site "https://www.chess.com"]

[Event "Titled Tuesday Blitz March 07 Late 2023"]
[White "Gamage, Wanshini Vidusama"]
[Black "Jovic, Stanoje"]
[WhiteFideId "9953752"]
[BlackFideId "905020"]
[WhiteElo "2189"]
[BlackElo "2236"]
[Result "0-1"]
[Round "06"]
[TimeControl "180+2"]
[Date "2023.03.07"]
[WhiteClock "0:00:13"]
[BlackClock "0:00:31"]

1. e4 c6 2. d4 d5 3. e5 c5 4. Nf3 cxd4 5. Qxd4 Nc6 6. Qf4 e6 7. Bd3 Nge7 8. Bd2 Ng6 9. Qg3 Qc7 10. Bxg6 hxg6 11. Nc3 Bd7 12. Nb5 Qb6 13. Nd6+ Bxd6 14. exd6 Qxb2 15. O-O Qxc2 16. Bg5 f6 17. Rac1 Qf5 18. Be3 e5 19. Nh4 Qg4 20. Nxg6 Qxg3 21. hxg3 Rh7 22. Rb1 b6 23. Rfc1 Kf7 24. Nh4 e4 25. Rb2 Ke6 26. Rbc2 Rc8 27. Ng6 d4 28. Bxd4 Nxd4 29. Rxc8 Ne2+ 30. Kf1 Nxc1 31. Nf8+ Kxd6 32. Nxh7 Bxc8 33. Ke1 Nd3+ 34. Ke2 Nc1+ 35. Ke3 Bf5 36. Nf8 Ke7 37. g4 Kxf8 0-1


[Site "https://www.chess.com"]

[Event "Titled Tuesday Blitz March 07 Late 2023"]
[White "Ardila, Oscar Humberto"]
[Black "Ward, Ieuan C"]
[WhiteFideId "4404742"]
[BlackFideId "406627"]
[WhiteElo "1911"]
[BlackElo "2335"]
[Result "1-0"]
[Round "06"]
[TimeControl "180+2"]
[Date "2023.03.07"]
[WhiteClock "0:00:20"]
[BlackClock "0:00:03"]

1. d4 Nf6 2. c4 e6 3. Nc3 Bb4 4. Qc2 d5 5. Bg5 h6 6. Bxf6 Qxf6 7. Nf3 O-O 8. e3 c5 9. a3 Bxc3+ 10. bxc3 Nc6 11. Be2 b6 12. O-O Ba6 13. cxd5 Bxe2 14. Qxe2 exd5 15. Qb5 cxd4 16. cxd4 Rfd8 17. Rfc1 Rac8 18. Qa6 Qe7 19. Rc3 Qd7 20. Rac1 Ne7 21. Ne5 Rxc3 22. Rxc3 Qf5 23. h3 f6 24. Qxa7 fxe5 25. Qxe7 Rf8 26. Qh4 exd4 27. exd4 g5 28. Qg3 Qb1+ 29. Kh2 Qb2 30. Rb3 Qxd4 31. Rd3 Qxf2 32. Qxf2 Rxf2 33. Rxd5 Rf6 34. Kg3 Kf7 35. Kg4 Ke6 36. Rb5 Kf7 37. Kh5 Kg7 38. g3 Rc6 39. a4 Rc4 40. Rxb6 Rxa4 41. Rb7+ Kf6 42. Kxh6 Ra3 43. Rb6+ Ke5 44. Rb5+ Kf6 45. Rb6+ Ke5 46. Kxg5 Rxg3+ 47. Kh4 Rg1 48. Rb8 Kf5 49. Rf8+ Ke6 50. Rf4 Ke5 51. Rf7 Ke6 52. Rf3 Rg8 53. Kh5 Rh8+ 54. Kg4 Rg8+ 55. Kh4 Rh8+ 56. Kg3 Rg8+ 57. Kh2 Ke5 58. h4 Ke4 59. Rf7 Ke5 60. Kh3 Ke6 61. Rf2 Rg1 62. h5 Ke7 63. Kh4 1-0


[Site "https://www.chess.com"]

[Event "Titled Tuesday Blitz March 07 Late 2023"]
[White "Perske, Thore"]
[Black "Schut, Han"]
[WhiteFideId "12902195"]
[BlackFideId "1005561"]
[WhiteElo "2336"]
[BlackElo "2024"]
[Result "1-0"]
[Round "06"]
[TimeControl "180+2"]
[Date "2023.03.07"]
[WhiteClock "0:00:05"]
[BlackClock "0:00:08"]

1. e4 c5 2. Nf3 d6 3. g3 g6 4. Bg2 Bg7 5. O-O Nc6 6. d3 e6 7. c3 Nge7 8. d4 cxd4 9. cxd4 d5 10. e5 h6 11. Nc3 O-O 12. Bf4 Kh7 13. h4 Bd7 14. Qd2 Nf5 15. Rac1 Rc8 16. Bh3 Nce7 17. Rc2 Nc6 18. Rfc1 Nb4 19. Bxf5 gxf5 20. Kg2 b5 21. a3 Nxc2 22. Rxc2 a5 23. Ne1 b4 24. axb4 axb4 25. Nd1 Rxc2 26. Nxc2 Qb6 27. Nce3 Ba4 28. g4 fxg4 29. Nxg4 Bxd1 30. Qxd1 Rc8 31. Qd3+ Kg8 32. Nxh6+ Kf8 33. Qh7 Bxh6 34. Bxh6+ Ke7 35. Bg5+ Kd7 36. Qxf7+ Kc6 37. Qxe6+ Kb7 38. Qxd5+ Qc6 39. Qxc6+ Rxc6 40. Be7 b3 41. h5 Rh6 42. Kg3 Rxh5 43. f4 Rh7 44. Ba3 Kc6 45. Kf3 Ra7 46. Bb4 Rb7 47. Bc3 Kd5 48. f5 Rc7 49. Bb4 Rb7 50. Bc5 Rh7 51. e6 Rh3+ 52. Kg4 Rh2 53. e7 Re2 54. Kg5 Rf2 55. e8=Q 1-0


[Site "https://www.chess.com"]